[Event "Titled Tuesday Blitz June 27 Early 2023"]
[White "Mishra, Manoj"]
[Black "Thecourseoisildur"]
[WhiteFideId "5006007"]
[WhiteElo "2212"]
[BlackElo "2476"]
[Result "0-1"]
[Round "9"]
[TimeControl "180+2"]
[Date "2023.06.27"]
[WhiteClock "0:01:41"]
[BlackClock "0:01:55"]
[Board "133"]

1. b3 e5 2. Bb2 Nc6 3. c4 Nf6 4. g3 d5 5. cxd5 Qxd5 6. Nf3 e4 7. Nc3 Qh5 8. Ng1 Bg4 9. h3 Bc5 10. Bg2 Qf5 11. f3 exf3 12. Nxf3 Bxf3 13. Bxf3 Qe5 14. e3 Qxg3+ 15. Ke2 Ne5 16. Bxb7 Rb8 17. Be4 Nxe4 18. Nxe4 Qf3+ 0-1


[Site "https://www.chess.com"]

[Event "Titled Tuesday Blitz June 27 Early 2023"]
[White "Larina, Maria"]
[Black "BenchGM"]
[WhiteFideId "24113182"]
[WhiteElo "2193"]
[BlackElo "2384"]
[Result "1-0"]
[Round "9"]
[TimeControl "180+2"]
[Date "2023.06.27"]
[WhiteClock "0:00:06"]
[BlackClock "0:00:00"]
[Board "134"]

1. e4 e6 2. d4 d5 3. Nc3 Nf6 4. Bg5 dxe4 5. Nxe4 Be7 6. Nxf6+ Bxf6 7. Bxf6 Qxf6 8. Nf3 O-O 9. Bd3 c5 10. Qd2 Nc6 11. c3 cxd4 12. cxd4 Rd8 13. O-O-O a5 14. Be4 Bd7 15. Kb1 a4 16. h4 a3 17. b3 h6 18. g4 Qe7 19. g5 Nb4 20. gxh6 f5 21. Rhg1 fxe4 22. Rxg7+ Qxg7 23. hxg7 exf3 24. Qxb4 e5 25. Qc4+ Kh7 26. Qd3+ Kg8 27. Qg6 exd4 28. Rxd4 Bc6 29. Qe6+ Kh7 30. Qf5+ Kg8 31. Rd3 Re8 32. Re3 Red8 33. Kc2 1-0


[Site "https://www.chess.com"]

[Event "Titled Tuesday Blitz June 27 Early 2023"]
[White "Samarth J Rao"]
[Black "Petrova, Irina"]
[WhiteFideId "46652370"]
[BlackFideId "14124122"]
[WhiteElo "2191"]
[BlackElo "2380"]
[Result "1-0"]
[Round "9"]
[TimeControl "180+2"]
[Date "2023.06.27"]
[WhiteClock "0:00:34"]
[BlackClock "0:00:05"]
[Board "135"]

1. d4 d6 2. Nf3 g6 3. e3 Bg7 4. Be2 Nf6 5. O-O O-O 6. b3 c6 7. Bb2 Bg4 8. Nbd2 Nbd7 9. h3 Bxf3 10. Nxf3 Re8 11. c4 e5 12. dxe5 dxe5 13. Qc2 e4 14. Nd4 Ne5 15. Rfd1 Qe7 16. Rd2 a6 17. Bf1 c5 18. Ne2 Nd3 19. Rad1 Qc7 20. Bxf6 Bxf6 21. Ng3 Nb4 22. Qb1 Rad8 23. Nxe4 Be5 24. a3 Nc6 25. f4 Bg7 26. Nxc5 Rxd2 27. Rxd2 Rxe3 28. f5 Qg3 29. fxg6 hxg6 30. Ne4 Qf4 31. Re2 Rxe2 32. Bxe2 Bd4+ 33. Kh1 Be5 34. Kg1 Nd4 35. Qd3 Qh2+ 36. Kf2 Nf5 37. Bf3 Bg3+ 38. Nxg3 Qxg3+ 39. Kf1 Qe5 40. a4 Kh7 41. Kf2 Qg3+ 42. Ke2 Qe5+ 43. Kd2 Qf4+ 44. Kc3 Qe5+ 45. Kc2 Nd4+ 46. Kd1 b5 47. cxb5 axb5 48. axb5 Nxb5 49. Kd2 Qb2+ 50. Ke3 Qe5+ 51. Kf2 Qc5+ 52. Kf1 Qc1+ 53. Qd1 Qc5 54. Qd5 Qc1+ 55. Kf2 Nc3 56. Qxf7+ Kh6 57. Qf8+ Kh7 58. Qe7+ Kh6 59. Qe3+ Qxe3+ 60. Kxe3 Kg7 61. Kd4 Nb5+ 62. Kc5 Nc7 63. Bd5 Kf6 64. b4 g5 65. Bc4 Ke5 66. b5 Nxb5 67. Kxb5 Kf4 68. Bd5 Kg3 69. Bf3 Kh4 70. Kc5 Kg3 71. Kd4 Kf4 72. Kd3 Kf5 73. Ke3 Kf6 74. Bg4 Kg6 75. Kf3 Kh6 76. Kg3 Kg6 77. Bd1 Kf5 78. Bc2+ Kf6 79. Kg4 Kg7 80. Kxg5 Kh8 81. g4 Kg7 82. h4 Kh8 83. Be4 Kg7 84. Bg2 Kh8 85. h5 Kg7 86. h6+ Kh8 87. Kh5 Kh7 88. g5 Kh8 89. g6 Kg8 90. Bd5+ Kh8 91. g7+ 1-0


[Site "https://www.chess.com"]

[Event "Titled Tuesday Blitz June 27 Early 2023"]
[White "Tarnowska, Aleksandra"]
[Black "Szente Varga, Fruzsina"]
[WhiteFideId "1180967"]
[BlackFideId "712264"]
[WhiteElo "2159"]
[BlackElo "2342"]
[Result "0-1"]
[Round "9"]
[TimeControl "180+2"]
[Date "2023.06.27"]
[WhiteClock "0:00:02"]
[BlackClock "0:00:44"]
[Board "136"]

1. e4 e5 2. Nf3 Nc6 3. Bb5 a6 4. Ba4 Nf6 5. O-O Be7 6. Re1 b5 7. Bb3 O-O 8. c3 d5 9. exd5 Nxd5 10. Nxe5 Nxe5 11. Rxe5 c6 12. d4 Bd6 13. Rg5 h6 14. Rh5 Nf6 15. Rh4 Bf5 16. Bxh6 gxh6 17. Rxh6 Kg7 18. Qd2 Ne4 19. Qe3 Rh8 20. Rxh8 Qxh8 21. h3 Qh6 22. Qxh6+ Kxh6 23. Na3 Bxa3 24. bxa3 Nxc3 25. Bxf7 Rd8 26. Rc1 Ne2+ 27. Kh2 Nxc1 28. g4 Bg6 29. Be6 Rxd4 30. Kg3 Rd2 31. h4 Nd3 32. f3 Ne5 33. f4 Rd3+ 34. Kg2 Be4+ 35. Kf1 Nf3 36. g5+ Kh5 37. Bf7+ Kxh4 38. g6 Kg3 39. g7 Rd1+ 40. Ke2 Re1# 0-1


[Site "https://www.chess.com"]

[Event "Titled Tuesday Blitz June 27 Early 2023"]
[White "Biriukov, Ilja"]
[Black "Ajavon, Anthony Obieni"]
[WhiteFideId "4113373"]
[BlackFideId "12600784"]
[WhiteElo "2283"]
[BlackElo "2013"]
[Result "1-0"]
[Round "9"]
[TimeControl "180+2"]
[Date "2023.06.27"]
[WhiteClock "0:01:10"]
[BlackClock "0:00:03"]
[Board "137"]

1. c4 Nf6 2. Nc3 g6 3. d4 Bg7 4. Nf3 d6 5. Bg5 O-O 6. e3 c5 7. Be2 cxd4 8. Nxd4 Qa5 9. Bh4 Nbd7 10. O-O a6 11. a3 Re8 12. b4 Qc7 13. Rc1 Ne5 14. Nd5 Nxd5 15. cxd5 Qb6 16. h3 h6 17. Qb3 Nd7 18. Rfd1 Nf6 19. a4 a5 20. Nb5 Rb8 21. f3 Qxe3+ 22. Qxe3 1-0


[Site "https://www.chess.com"]

[Event "Titled Tuesday Blitz June 27 Early 2023"]
[White "Winkels, Marcel"]
[Black "Georg, Heinz"]
[WhiteFideId "1003887"]
[BlackFideId "4607295"]
[WhiteElo "2114"]
[BlackElo "2266"]
[Result "0-1"]
[Round "9"]
[TimeControl "180+2"]
[Date "2023.06.27"]
[WhiteClock "0:00:00"]
[BlackClock "0:01:32"]
[Board "138"]

1. e4 e5 2. Nf3 Nc6 3. d4 exd4 4. Nxd4 Nf6 5. Nxc6 bxc6 6. e5 Qe7 7. Qe2 Nd5 8. c4 Ba6 9. b3 g6 10. Bb2 Bg7 11. Nd2 O-O 12. Nf3 Rfe8 13. g3 f6 14. exf6 Qxe2+ 15. Bxe2 Nxf6 16. Kd2 d5 17. Rhe1 Ne4+ 18. Kc2 Nxf2 19. Bxg7 Kxg7 20. Nd4 c5 21. Nf3 d4 22. Bd3 Bb7 23. Ne5 Re7 24. Bf1 Rae8 25. Re2 d3+ 26. Kd2 dxe2 27. Bxe2 Rxe5 28. Bf1 Rd8+ 29. Kc2 Be4+ 30. Kb2 Rd2+ 31. Ka3 Re6 0-1


[Site "https://www.chess.com"]

[Event "Titled Tuesday Blitz June 27 Early 2023"]
[White "Skiadopoulos, Nikolaos"]
[Black "deloewre"]
[WhiteFideId "4200772"]
[WhiteElo "1923"]
[BlackElo "2131"]
[Result "1/2-1/2"]
[Round "9"]
[TimeControl "180+2"]
[Date "2023.06.27"]
[WhiteClock "0:00:04"]
[BlackClock "0:00:10"]
[Board "139"]

1. e4 c5 2. b4 cxb4 3. a3 d5 4. exd5 Qxd5 5. Nf3 e5 6. c4 Qd6 7. Bb2 Nc6 8. axb4 Qxb4 9. Bxe5 Nxe5 10. Nxe5 Qe7 11. Qe2 f6 12. Nf3 Qxe2+ 13. Bxe2 Bb4 14. O-O Ne7 15. d4 O-O 16. Nbd2 Bg4 17. h3 Bh5 18. g4 Bf7 19. Ne4 Nc6 20. d5 Ne5 21. Nxe5 fxe5 22. Ng5 h6 23. Nxf7 Kxf7 24. f4 exf4 25. Rxf4+ Kg8 26. Raf1 Rxf4 27. Rxf4 Rf8 28. Rxf8+ Kxf8 29. Kf2 Ke7 30. Ke3 Kd6 31. Kd4 a5 32. Bd1 Bc5+ 33. Kd3 Ke5 34. h4 Kf4 35. h5 b6 36. Kc3 Ke3 37. Ba4 Bb4+ 38. Kb3 Kd2 39. Bd7 Kd3 40. Bf5+ Kd4 41. Be6 Kd3 42. Bf5+ Kd2 43. Ka4 Kc3 44. Be6 Kxc4 45. d6+ Kd4 46. d7 Be7 47. Kb5 Ke5 48. Bf5 Bd8 49. Ka4 Kd6 50. Kb5 Kc7 51. Be6 Be7 52. Bf5 Bd8 53. Be6 Be7 54. Bf5 Bd8 1/2-1/2


[Site "https://www.chess.com"]

[Event "Titled Tuesday Blitz June 27 Early 2023"]
[White "Vargas, Mauricio"]
[Black "Floresvillar Gonzalez, Luis Migu"]
[WhiteFideId "4404572"]
[BlackFideId "5100542"]
[WhiteElo "1844"]
[BlackElo "2114"]
[Result "0-1"]
[Round "9"]
[TimeControl "180+2"]
[Date "2023.06.27"]
[WhiteClock "0:00:00"]
[BlackClock "0:01:45"]
[Board "140"]

1. e4 d6 2. Nc3 c5 3. f4 Nc6 4. Bb5 Bd7 5. d3 g6 6. Nf3 Bg7 7. O-O Nd4 8. Bxd7+ Qxd7 9. Nd5 e6 10. Ne3 Ne7 11. c3 Nxf3+ 12. Rxf3 f5 13. exf5 Nxf5 14. Qe1 O-O 15. Rh3 Nxe3 16. Qxe3 Rae8 17. Qg3 Rf5 18. Bd2 Ref8 19. Re1 e5 20. fxe5 Bxe5 21. Qh4 Qf7 22. Qc4 d5 23. d4 dxc4 0-1


[Site "https://www.chess.com"]

[Event "Titled Tuesday Blitz June 27 Early 2023"]
[White "Pein, Jonathan"]
[Black "Flis, Pawel"]
[WhiteFideId "417092"]
[BlackFideId "1112864"]
[WhiteElo "2399"]
[BlackElo "2114"]
[Result "1-0"]
[Round "9"]
[TimeControl "180+2"]
[Date "2023.06.27"]
[WhiteClock "0:01:34"]
[BlackClock "0:00:04"]
[Board "141"]

1. Nf3 Nf6 2. e3 g6 3. c4 Bg7 4. b3 O-O 5. Bb2 d5 6. cxd5 Nxd5 7. Bxg7 Kxg7 8. Be2 c5 9. O-O Nc6 10. d4 cxd4 11. Nxd4 Nf6 12. Nxc6 bxc6 13. Nc3 Bf5 14. Rc1 Qa5 15. Na4 Rfd8 16. Qe1 Qxe1 17. Rfxe1 Rd2 18. a3 Bd7 19. Red1 Rxd1+ 20. Rxd1 Be8 21. Nc5 Nd5 22. Bc4 e6 23. e4 Nf6 24. f3 Kf8 25. Kf2 Ke7 26. g4 Rd8 27. Rxd8 Kxd8 28. h4 h5 29. g5 Ng8 30. Ke3 Ne7 31. Kd4 Nc8 32. Ke5 Ke7 33. Ba6 Nd6 34. a4 Bd7 35. b4 Bc8 36. Bd3 Bd7 37. f4 Nc8 38. Nb7 Nb6 39. Nc5 Nc8 40. Nb7 Nb6 41. Bc2 Nc4+ 42. Kd4 Nd2 43. Bd1 Nf1 44. Nc5 Nh2 45. Ke3 Ng4+ 46. Bxg4 hxg4 47. e5 Bc8 48. Kf2 Kd8 49. a5 Kc7 50. Kg3 Kd8 51. Kxg4 Ke7 52. h5 gxh5+ 53. Kxh5 Kf8 54. Kh6 Kg8 55. g6 fxg6 56. Kxg6 Kf8 57. Kf6 Ke8 58. Nxe6 Kd7 59. Nc5+ Ke8 60. f5 a6 61. e6 Kf8 62. Ke5 Ke8 63. f6 Bxe6 64. Kxe6 Kf8 65. f7 Kg7 66. Ne4 1-0


[Site "https://www.chess.com"]

[Event "Titled Tuesday Blitz June 27 Early 2023"]
[White "Torres Dominguez, David"]
[Black "Tosic, Srecko"]
[WhiteFideId "2220857"]
[BlackFideId "924563"]
[WhiteElo "2098"]
[BlackElo "2311"]
[Result "0-1"]
[Round "9"]
[TimeControl "180+2"]
[Date "2023.06.27"]
[WhiteClock "0:00:00"]
[BlackClock "0:00:32"]
[Board "142"]

1. e4 e6 2. d4 d5 3. exd5 exd5 4. Bd3 c6 5. Nf3 Bd6 6. O-O Ne7 7. Ne5 Bf5 8. Re1 O-O 9. Bf1 Nd7 10. Nc3 f6 11. Nd3 Qc7 12. g3 Rae8 13. Bf4 Ng6 14. Bxd6 Qxd6 15. Qd2 Nb6 16. b3 Nc8 17. Rxe8 Rxe8 18. Re1 Rxe1 19. Nxe1 Kf7 20. f3 Qb4 21. a4 Nd6 22. Ne4 Qxd2 23. Nxd2 b6 24. Kf2 c5 25. c3 Ne7 26. g4 Bg6 27. Ng2 cxd4 28. cxd4 Nc6 29. Ke3 f5 30. h3 fxg4 31. hxg4 Bc2 32. Nf4 Nb4 33. Be2 g5 34. Nd3 a5 35. Ne5+ Ke6 36. Nd3 h5 37. gxh5 Nf5+ 38. Kf2 Nxd4 39. Nxb4 axb4 40. h6 Kf6 41. h7 Bxh7 42. Ke3 Ke5 43. Bd1 Bg6 44. Nf1 Bc2 45. Bxc2 Nxc2+ 46. Kd3 Nd4 47. Nd2 Ne6 48. Ke3 Nc5 49. Kf2 Kd4 50. Ke2 Kc3 51. Ke3 Nxb3 52. Nf1 d4+ 53. Ke4 Nc5+ 54. Kf5 b3 0-1


[Site "https://www.chess.com"]

[Event "Titled Tuesday Blitz June 27 Early 2023"]
[White "rikchessmx"]
[Black "Guevara Sanchez, Erick Marvin"]
[BlackFideId "6700136"]
[WhiteElo "2299"]
[BlackElo "1991"]
[Result "1-0"]
[Round "9"]
[TimeControl "180+2"]
[Date "2023.06.27"]
[WhiteClock "0:00:53"]
[BlackClock "0:00:14"]
[Board "143"]

1. e4 c5 2. Nf3 Nc6 3. d4 cxd4 4. Nxd4 g6 5. Nxc6 bxc6 6. Qd4 Nf6 7. e5 Nd5 8. e6 f6 9. exd7+ Qxd7 10. Nc3 Bg7 11. Bd2 O-O 12. Bc4 Bb7 13. O-O-O Rfd8 14. Qh4 Qc7 15. Bh6 Bh8 16. Rhe1 a5 17. Qe4 Rd6 18. Qxe7 Qxe7 19. Rxe7 Ba6 20. Bb3 Rad8 21. Rde1 f5 22. Ra7 Bc8 23. Bf4 R6d7 24. Rxa5 Bf6 25. Rd1 Kg7 26. Nxd5 cxd5 27. Raxd5 Rxd5 28. Rxd5 Re8 29. Be3 Be6 30. Rd6 Bxb3 31. axb3 Ra8 32. c3 Ra1+ 33. Kc2 Re1 34. b4 f4 35. Bc5 Re2+ 36. Kb3 Rxf2 37. Bxf2 Bg5 38. Bd4+ Kf7 39. Rd7+ Ke8 40. Rxh7 Kd8 41. b5 Kc8 42. b6 Kb8 43. Be5+ Kc8 44. b7+ 1-0


[Site "https://www.chess.com"]

[Event "Titled Tuesday Blitz June 27 Early 2023"]
[White "Castillo Pena, Patricia Evarista"]
[Black "Wesolowska, Hanna"]
[WhiteFideId "6412106"]
[BlackFideId "1104683"]
[WhiteElo "1898"]
[BlackElo "2143"]
[Result "1/2-1/2"]
[Round "9"]
[TimeControl "180+2"]
[Date "2023.06.27"]
[WhiteClock "0:00:17"]
[BlackClock "0:00:17"]
[Board "144"]

1. d4 Nf6 2. Nf3 c5 3. e3 g6 4. b3 Bg7 5. Bb2 cxd4 6. exd4 O-O 7. Be2 d5 8. O-O Nc6 9. a3 Bf5 10. Nbd2 Ne4 11. Ne5 Nxe5 12. dxe5 Nxd2 13. Qxd2 Qc7 14. Rac1 Bxe5 15. Bxe5 Qxe5 16. Bf3 Rfd8 17. Rfe1 Be4 18. Bxe4 dxe4 19. Qb4 Rac8 20. Qxb7 f5 21. Qxa7 Rd2 22. c4 Rcd8 23. c5 Qd4 24. Rf1 e3 25. fxe3 Qxe3+ 26. Kh1 Qe2 27. Rg1 Rd1 28. c6 Rxc1 29. Rxc1 Rd1+ 30. Rxd1 Qxd1+ 31. Qg1 Qxb3 32. h3 Qc4 33. Qb6 Qc1+ 34. Kh2 Qf4+ 35. Kh1 Qc1+ 36. Kh2 Qf4+ 37. Kh1 Qc1+ 1/2-1/2


[Site "https://www.chess.com"]

[Event "Titled Tuesday Blitz June 27 Early 2023"]
[White "GAO"]
[Black "Mangialardo, Tiago Carvalho"]
[BlackFideId "2130718"]
[WhiteElo "2365"]
[BlackElo "2135"]
[Result "1-0"]
[Round "9"]
[TimeControl "180+2"]
[Date "2023.06.27"]
[WhiteClock "0:00:29"]
[BlackClock "0:00:00"]
[Board "145"]

1. b3 Nf6 2. Bb2 c5 3. Nf3 g6 4. Bxf6 exf6 5. e3 Bg7 6. c3 O-O 7. g3 Nc6 8. Bg2 d5 9. d4 Bg4 10. O-O Qd7 11. Re1 Rac8 12. Nbd2 cxd4 13. cxd4 Nb4 14. Rc1 Rxc1 15. Qxc1 Nd3 16. Qc3 Nxe1 17. Nxe1 Rc8 18. Qb2 Qc6 19. h3 Qc1 20. Qxc1 Rxc1 21. Kf1 Be6 22. Ke2 Bf8 23. Nd3 Rc2 24. a4 Ba3 25. Kd1 Rc7 26. Nf4 Rc1+ 27. Ke2 Rc2 28. Kd1 Ra2 29. Bxd5 Bb4 30. Ne4 f5 31. Nxe6 fxe4 32. Ng5 Rxf2 33. Nxe4 Rg2 34. Nf6+ Kg7 35. Bxg2 Kxf6 36. Bxb7 1-0


[Site "https://www.chess.com"]

[Event "Titled Tuesday Blitz June 27 Early 2023"]
[White "Politov, Pavel Y."]
[Black "Dahlgren, James Allen"]
[WhiteFideId "24110515"]
[BlackFideId "22256873"]
[WhiteElo "2078"]
[BlackElo "2122"]
[Result "0-1"]
[Round "9"]
[TimeControl "180+2"]
[Date "2023.06.27"]
[WhiteClock "0:00:00"]
[BlackClock "0:00:41"]
[Board "146"]

1. e4 e6 2. d4 c5 3. Nf3 cxd4 4. Nxd4 Nf6 5. Nc3 Bb4 6. e5 Nd5 7. Qg4 Nxc3 8. Qxg7 Rf8 9. a3 Nc6 10. Nb3 Ba5 11. Bh6 Na4+ 12. Nxa5 Qxa5+ 13. b4 Qxe5+ 14. Qxe5 Nxe5 15. Bxf8 Kxf8 16. f4 Ng6 17. g3 d5 18. Kd2 Bd7 19. c4 dxc4 20. Bxc4 Bc6 21. Rhd1 Nb6 22. Bb3 Rd8+ 0-1


[Site "https://www.chess.com"]

[Event "Titled Tuesday Blitz June 27 Early 2023"]
[White "Makhnev, Denis"]
[Black "Andreikin, Dmitry"]
[WhiteFideId "13707647"]
[BlackFideId "4158814"]
[WhiteElo "2931"]
[BlackElo "3015"]
[Result "0-1"]
[Round "10"]
[TimeControl "180+2"]
[Date "2023.06.27"]
[WhiteClock "0:00:02"]
[BlackClock "0:00:17"]
[Board "1"]

1. d4 Nf6 2. c4 e6 3. Nf3 d5 4. g3 Be7 5. Bg2 O-O 6. O-O dxc4 7. Qc2 b5 8. a4 Bb7 9. axb5 a6 10. Nc3 axb5 11. Rxa8 Bxa8 12. Nxb5 Bd5 13. Bf4 Na6 14. Ra1 Nb4 15. Qc1 c5 16. Nc7 cxd4 17. Nxd5 Nbxd5 18. Qxc4 Nxf4 19. gxf4 Qb8 20. Qxd4 Rd8 21. Qa4 Qxb2 22. Rd1 Qxe2 23. Rxd8+ Bxd8 24. Ne5 Qe1+ 25. Bf1 Qa5 26. Qc6 g6 27. Qc8 Qc7 28. Qa8 Kg7 29. Bc4 Be7 30. Qc6 Qxc6 31. Nxc6 Bd6 32. f5 gxf5 33. h3 Nh5 34. Bf1 Nf4 35. Nd4 Kf6 36. Ne2 Nd3 37. Nc3 Nf4 38. Ne2 Ng6 39. Nd4 Bc5 40. Ne2 h5 41. Nc1 Ba7 42. Nd3 Kg5 43. Be2 e5 44. Nb4 e4 45. Nc6 Bc5 46. Na5 Nf4 47. Bf1 Kh4 48. Nb3 Bb6 49. Kh2 Bxf2 50. Nd2 Bg3+ 51. Kh1 Nxh3 52. Nc4 Nf2+ 53. Kg2 Ng4 54. Be2 Bf4 55. Nb6 Kg5 56. Nd5 Ne3+ 57. Nxe3 Bxe3 58. Bc4 f6 59. Bd5 h4 60. Bc6 Kf4 61. Bd7 Ke5 62. Kh3 Bf2 63. Kg2 Bg3 64. Kh3 f4 65. Kg2 f3+ 66. Kf1 e3 0-1


[Site "https://www.chess.com"]

[Event "Titled Tuesday Blitz June 27 Early 2023"]
[White "Sanal, Vahap"]
[Black "So, Wesley"]
[WhiteFideId "6300545"]
[BlackFideId "5202213"]
[WhiteElo "2966"]
[BlackElo "3109"]
[Result "1-0"]
[Round "10"]
[TimeControl "180+2"]
[Date "2023.06.27"]
[WhiteClock "0:00:06"]
[BlackClock "0:00:00"]
[Board "2"]

1. e4 e5 2. Nf3 Nc6 3. Nc3 Nf6 4. d4 exd4 5. Nxd4 Bb4 6. Nxc6 bxc6 7. Bd3 d5 8. exd5 O-O 9. O-O cxd5 10. h3 c6 11. Qf3 Nd7 12. Bf4 Re8 13. Qg3 a5 14. Ne2 Nc5 15. Nd4 Qf6 16. Nf3 Nxd3 17. cxd3 Ba6 18. Rfc1 Rac8 19. d4 Re4 20. Be5 Qg6 21. a3 Be7 22. Qxg6 hxg6 23. Rc2 a4 24. Rac1 Bb5 25. Nd2 Re2 26. Nf1 f6 27. Bg3 Rxc2 28. Rxc2 Kf7 29. Ne3 Ke6 30. f3 c5 31. Bf2 Rc6 32. Nd1 Bd3 33. Rd2 c4 34. Nc3 Ra6 35. Be3 Bd8 36. Rd1 Kd6 37. Bf4+ Kc6 38. Re1 Bb6 39. Re6+ Kb7 40. Re7+ Kc6 41. Be3 Ba5 42. Re6+ Kb7 43. Rxa6 Kxa6 44. Nxd5 Kb5 45. Kf2 Kc6 46. Nf4 Bb1 47. Ne2 Kd5 48. Nf4+ Kd6 49. h4 c3 50. bxc3 Bxc3 51. Ne2 Bb2 52. Bc1 Bxc1 53. Nxc1 Kd5 54. Ke3 Kc4 55. g4 Bc2 56. f4 Bd1 57. g5 fxg5 58. hxg5 Bc2 59. Ne2 Bf5 60. Ng3 Bd7 61. Ne4 Be6 62. Nc5 Bd5 63. Nxa4 Bc6 64. Nc5 1-0


[Site "https://www.chess.com"]

[Event "Titled Tuesday Blitz June 27 Early 2023"]
[White "Indjic, Aleksandar"]
[Black "Hakobyan, Aram"]
[WhiteFideId "911925"]
[BlackFideId "13306677"]
[WhiteElo "2967"]
[BlackElo "3009"]
[Result "0-1"]
[Round "10"]
[TimeControl "180+2"]
[Date "2023.06.27"]
[WhiteClock "0:00:53"]
[BlackClock "0:00:52"]
[Board "3"]

1. e4 c5 2. Nf3 d6 3. d4 cxd4 4. Nxd4 Nf6 5. Nc3 a6 6. h3 g6 7. Be3 Bg7 8. Be2 O-O 9. a4 b6 10. Bf3 e5 11. Nb3 Bb7 12. g4 Nc6 13. g5 Ne8 14. h4 Nb4 15. h5 Rc8 16. Qd2 d5 17. exd5 Nd6 18. Be2 Rxc3 19. bxc3 Nxd5 20. Rh4 Nf5 21. Rc4 Nfxe3 22. fxe3 Qxg5 23. O-O-O Qxe3 24. hxg6 hxg6 25. Kb2 e4 26. Nd4 Qxd2 27. Rxd2 Bh6 28. Rd1 Ne3 29. Rg1 Nxc4+ 30. Bxc4 Kh7 31. Rf1 f5 32. Ne6 Rf6 33. Rd1 Bc8 34. Nd4 e3 35. Be2 f4 36. Nf3 g5 37. Rd8 Bf5 38. Ne5 Bg7 39. Rd1 Rh6 40. Rg1 Bxe5 41. Rxg5 Rf6 42. Rxf5 Rxf5 0-1


[Site "https://www.chess.com"]

[Event "Titled Tuesday Blitz June 27 Early 2023"]
[White "Martinez Alcantara, Jose Eduardo"]
[Black "Antipov, Mikhail Al."]
[WhiteFideId "3805662"]
[BlackFideId "4107012"]
[WhiteElo "3005"]
[BlackElo "2926"]
[Result "1-0"]
[Round "10"]
[TimeControl "180+2"]
[Date "2023.06.27"]
[WhiteClock "0:00:54"]
[BlackClock "0:00:00"]
[Board "4"]

1. e4 e5 2. Nf3 Nc6 3. Bb5 Nf6 4. O-O Nxe4 5. Re1 Nd6 6. Nxe5 Be7 7. Bf1 Nxe5 8. Rxe5 O-O 9. d4 Bf6 10. Re1 Re8 11. Rxe8+ Nxe8 12. c3 d5 13. Bf4 c6 14. Bd3 Nc7 15. Nd2 Ne6 16. Bg3 Nf8 17. Qb3 b6 18. Nf3 c5 19. dxc5 bxc5 20. Qa3 Qb6 21. h3 Be6 22. Re1 a5 23. Be5 Be7 24. Qa4 c4 25. Bd4 Qb7 26. Bb1 Qxb2 27. Ne5 Bf6 28. Qd1 Re8 29. Re2 Qb7 30. f4 Bxe5 31. fxe5 Qd7 32. Rf2 Ng6 33. Qh5 Qe7 34. Bc2 Rb8 35. Kh2 Qe8 36. Bc5 Qc8 37. Bd6 Rb7 38. Qg5 Qe8 39. h4 h6 40. Qg3 Nf8 41. Bc5 Nd7 42. Be3 1-0


[Site "https://www.chess.com"]

[Event "Titled Tuesday Blitz June 27 Early 2023"]
[White "Durarbayli, Vasif"]
[Black "Galchenko, Matvey"]
[WhiteFideId "13402935"]
[BlackFideId "24175480"]
[WhiteElo "2933"]
[BlackElo "2884"]
[Result "0-1"]
[Round "10"]
[TimeControl "180+2"]
[Date "2023.06.27"]
[WhiteClock "0:00:00"]
[BlackClock "0:00:20"]
[Board "5"]

1. e4 e6 2. d4 d5 3. e5 c5 4. c3 Qb6 5. Nf3 Nc6 6. Be2 cxd4 7. cxd4 Nh6 8. Bxh6 Qxb2 9. Nc3 gxh6 10. Nb5 Qb4+ 11. Kf1 Qa5 12. Qc1 Bd7 13. g3 O-O-O 14. Kg2 Kb8 15. Qf4 Be7 16. Rhb1 b6 17. a4 Rdf8 18. Rb3 h5 19. Nd2 Rhg8 20. h4 Bxh4 21. Qxh4 Qxd2 22. Bxh5 f6 23. exf6 Qg5 24. Rh1 Rxf6 25. Qxg5 Rxg5 26. Re3 a6 27. Nd6 Nxd4 28. Be8 Rg7 29. Rh4 Kc7 30. Bxd7 Kxd6 31. Bc8 Nf5 0-1


[Site "https://www.chess.com"]

[Event "Titled Tuesday Blitz June 27 Early 2023"]
[White "Ter-Sahakyan, Samvel"]
[Black "Sarana, Alexey"]
[WhiteFideId "13302531"]
[BlackFideId "24133795"]
[WhiteElo "2909"]
[BlackElo "3034"]
[Result "0-1"]
[Round "10"]
[TimeControl "180+2"]
[Date "2023.06.27"]
[WhiteClock "0:00:01"]
[BlackClock "0:00:26"]
[Board "6"]

1. d4 Nf6 2. c4 e6 3. Nf3 d5 4. Nc3 c6 5. Bg5 Nbd7 6. e3 h6 7. Bf4 g5 8. Bg3 Nh5 9. Be5 Nhf6 10. Qc2 Nxe5 11. Nxe5 Bd6 12. f4 gxf4 13. exf4 Bxe5 14. dxe5 Ng4 15. Qd2 Qb6 16. Nd1 h5 17. Bd3 Bd7 18. h3 Nh6 19. Ne3 O-O-O 20. O-O-O Kb8 21. Kb1 Rhg8 22. Rhf1 Rg3 23. Rde1 Qd4 24. cxd5 cxd5 25. Qc3 Qb6 26. Qd2 Bc6 27. Ka1 Qd4 28. Qf2 h4 29. Bb1 Bb5 30. Rg1 Rdg8 31. a3 a6 32. f5 exf5 33. Qc2 Rxe3 0-1


[Site "https://www.chess.com"]

[Event "Titled Tuesday Blitz June 27 Early 2023"]
[White "Nguyen, Ngoc Truong Son"]
[Black "Harsh Suresh"]
[WhiteFideId "12401110"]
[BlackFideId "45018464"]
[WhiteElo "2957"]
[BlackElo "2831"]
[Result "1/2-1/2"]
[Round "10"]
[TimeControl "180+2"]
[Date "2023.06.27"]
[WhiteClock "0:00:07"]
[BlackClock "0:00:22"]
[Board "7"]

1. d4 Nf6 2. c4 Nc6 3. Nf3 e6 4. a3 d5 5. Nc3 Be7 6. Bf4 O-O 7. e3 a6 8. b4 Bd6 9. Bg3 dxc4 10. Bxc4 Qe7 11. O-O e5 12. Nd5 Nxd5 13. Bxd5 exd4 14. Bxc6 bxc6 15. Nxd4 c5 16. Nc6 Qd7 17. Bxd6 cxd6 18. Na5 cxb4 19. axb4 Bb7 20. Nxb7 Qxb7 21. Qxd6 Rfd8 22. Qf4 Rab8 23. Rfd1 Rxd1+ 24. Rxd1 h6 25. h3 Qb6 26. Rd6 Qb5 27. h4 a5 28. bxa5 Qxa5 29. Rd7 Rf8 30. Kh2 Qb5 31. Rc7 h5 32. Kg3 g6 33. Re7 Qc5 34. Re5 Qc6 35. Kh2 Kg7 36. Rg5 Qf6 37. Qg3 Kh7 38. f4 Re8 39. f5 Re4 40. Kh3 Kh6 41. Kh2 Qe5 42. Qxe5 Rxe5 43. fxg6 Rxg5 44. hxg5+ Kxg6 45. Kg3 Kxg5 46. e4 f6 47. Kh3 Kf4 48. Kh4 Kxe4 49. Kxh5 Kf5 50. g4+ Kf4 51. Kg6 Kxg4 52. Kxf6 1/2-1/2


[Site "https://www.chess.com"]

[Event "Titled Tuesday Blitz June 27 Early 2023"]
[White "Maksimovic, Bojan"]
[Black "Tari, Aryan"]
[WhiteFideId "14408120"]
[BlackFideId "1510045"]
[WhiteElo "2802"]
[BlackElo "2936"]
[Result "0-1"]
[Round "10"]
[TimeControl "180+2"]
[Date "2023.06.27"]
[WhiteClock "0:00:03"]
[BlackClock "0:00:09"]
[Board "8"]

1. Nf3 d5 2. g3 c5 3. Bg2 Nc6 4. O-O e5 5. d3 Be7 6. Nbd2 g5 7. e4 d4 8. Nc4 f6 9. a4 Be6 10. h4 g4 11. Nh2 h5 12. f3 Qd7 13. fxg4 hxg4 14. b3 Nh6 15. Bxh6 Rxh6 16. Qe2 O-O-O 17. a5 Kb8 18. Rf2 Rg8 19. Raf1 Qd8 20. Rf5 Rhg6 21. Qd2 Bxc4 22. bxc4 Qxa5 23. Qd1 Qd8 24. R1f2 a5 25. Bf1 a4 26. Be2 a3 27. Qa1 Qa5 28. Rf1 Nb4 29. Rc1 a2 30. Qb2 Bf8 31. h5 Bh6 32. Ra1 R6g7 33. Nf1 Qa6 34. c3 dxc3 35. Qxc3 Qd6 36. Rf2 Kc7 37. Bd1 Ra8 38. Bb3 Ra3 39. Rfxa2 Nxa2 40. Rxa2 Rxa2 41. Bxa2 Qd4+ 42. Qxd4 cxd4 43. Bb3 Be3+ 44. Kg2 Rh7 45. Nh2 Kd6 46. Ba4 Rxh5 47. Nxg4 Ke7 48. Bb5 Rh8 49. Kf3 Bg5 50. Nf2 Ra8 51. c5 Rc8 52. c6 bxc6 53. Bc4 Rb8 54. Nh3 Rb1 55. Kg4 Be3 56. Kf3 c5 57. Kg4 Rf1 58. Kh4 f5 59. exf5 Rxf5 60. g4 Bf2+ 61. Nxf2 Rxf2 62. g5 e4 63. dxe4 Rc2 0-1


[Site "https://www.chess.com"]